 Dungeon Crawl Stone Soup version 0.31-a0-182-gc5ef74bbde (webtiles) character file.

Game seed: 14481329194148233336

3973 qw the Cleaver (level 10, -22/63 HPs)
             Began as a Gargoyle Fighter on June 20, 2023.
             Was a Priest of Okawaru.
             Killed from afar by Erica (23 damage)
             ... with a lance of force
             ... on level 8 of the Dungeon.
             The game lasted 00:03:49 (5954 turns).

qw the Cleaver (Gargoyle Fighter)                   Turns: 5954, Time: 00:03:50

Health: -22/63     AC: 26    Str: 29    XL:     10   Next: 22%
Magic:  13/13      EV:  9    Int: 10    God:    Okawaru [***...]
Gold:   423        SH:  4    Dex:  9    Spells: 9/9 levels left

rFire   + . .        Y - +0 war axe
rCold   . . .        c - +0 buckler
rNeg    + . .        a - +0 chain mail
rPois   inf          o - +2 helmet
rElec   +            y - +0 cloak
rCorr   .            q - +2 pair of gloves
SInv    .            l - +0 pair of boots
Will    .....        t - amulet of faith Stlth
                     b - +6 ring of strength
HPRegen 0.30/turn    w - ring of protection from fire
MPRegen 0.13/turn

%: faith
@: slowed, very slow
A: sickness immunity, AC +7, negative energy resistance 1, electricity
resistance, torment resistance 1, petrification resistance
a: Renounce Religion, Heroism


You were on level 8 of the Dungeon.
You worshipped Okawaru.
Okawaru was most pleased with you.
You visited 1 branch of the dungeon, and saw 8 of its levels.

You collected 423 gold pieces.


Innate Abilities, Weirdness & Mutations

You are immune to sickness and miasma.
Your stone body is resilient. (AC +7)
You are immune to poison.
You resist negative energy. (rN+)
You are resistant to electric shocks. (rElec)
You are resistant to unholy torment.
You are immune to petrification.


   Skills:
 - Level 7.3 Fighting
 - Level 10.0 Axes
 - Level 2.6 Throwing
 + Level 5.7 Armour
 - Level 1.1 Dodging
 - Level 4.4 Shields
 - Level 4.4 Invocations


You had 9 spell levels left.
You didn't know any spells.
Your spell library was empty.

Inventory:

Hand Weapons
 h - a +1 flail of venom
 Y - a +0 war axe (weapon)
Missiles
 u - 2 boomerangs (quivered)
Armour
 a - a +0 chain mail (worn)
 c - a +0 buckler (worn)
 f - a +0 plate armour
 l - a +0 pair of boots (worn)
 o - a +2 helmet (worn)
 q - a +2 pair of gloves (worn)
 y - a +0 cloak (worn)
Jewellery
 b - a +6 ring of strength (left hand)
 t - an amulet of faith (around neck)
 w - a ring of protection from fire (right hand)
Scrolls
 j - a scroll of identify
Potions
 d - 2 potions of might
 e - 2 potions of curing
 g - a potion of cancellation
 i - 2 potions of haste
 k - a potion of lignification {unknown}
 m - 2 potions of enlightenment
 n - a potion of attraction
 p - a potion of invisibility {unknown}
 r - a potion of resistance {unknown}
 s - a potion of heal wounds
 v - 2 potions of magic {unknown}
 x - a potion of brilliance {unknown}

Dungeon Overview and Level Annotations

Branches:
Dungeon (8/15)             Temple (0/1) D:7
   Lair: D:8-11

Altars:
Cheibriados
Dithmenos
Elyvilon
Kikubaaqudgha
Okawaru
Qazlal
Sif Muna
Vehumet
Wu Jian

Portals:
Abyss: D:3

Annotations:
D:3 2 transporters
D:8 Erica


Message History

You barely miss something. Something hits you but does no damage.
You closely miss something. Something hits you. Something burns you.
You barely miss something.
You hear some strange, mumbled words.
You feel yourself slow down.
You hit something.
You hear some strange, mumbled words.
A lance of force appears from out of thin air!
The lance of force hits you!
You are knocked back by the lance of force.
You swing at nothing.
You swing at nothing.
You swing at nothing.
You hear some strange, mumbled words.
You are confused.
You hear some strange, mumbled words.
A lance of force appears from out of thin air!
The lance of force hits you but does no damage.
You bump into the rock wall.
You hit something.
Something hits you but does no damage. x2
You barely miss something. Something hits you. Something burns you.
You hear some strange, mumbled words.
A bolt of poison appears from out of thin air!
The bolt of poison hits you but does no damage.
You resist. Something hits you! Something burns you.
Enter note: You closely miss something.
You feel less confused. Something hits you.
You barely miss something.
Erica appears from thin air!
Reactivating autopickup.
Erica barely misses you. Erica casts a spell at you.
The lance of force hits you!!
You die...

#.#.#### ....###########
..#...........+
............#
#..########.########
..%.................#
..........#.#######.##.#
#.........#............#
#....>... #####.@.......
#........ #@#.....##
....##### ##.#.......
..... #).)..#..## ###.##
##)#.......
#$......#....... #
.#.####.......## #
.....#.(. . ......D.#


You could see Erica.

Vanquished Creatures
  Grinder (D:6)
  Prince Ribbit (D:7)
  Sigmund (D:5)
  2 wyverns
  2 steam dragons
  Duvessa (D:5)
  3 ice beasts (D:5)
  4 sky beasts (D:7)
  An orc warrior (D:8)
  A black bear (D:7)
  An ogre (D:4)
  2 centaurs (D:6)
  A phantom (D:5)
  A gnoll sergeant (D:6)
  3 scorpions
  A bullfrog (D:8)
  3 wights (D:7)
  Dowan (D:5)
  4 killer bees (D:8)
  A howler monkey (D:4)
  2 jellies
  2 orc priests
  3 hounds
  5 iguanas
  A gnoll bouda (D:7)
  A sleepcap (D:5)
  5 orc wizards
  A statue (D:5)
  12 gnolls
  10 adders
  A shadow imp (D:6)
  2 white imps
  An ufetubus (D:7)
  A worm (D:4)
  7 dart slugs
  13 orcs
  6 endoplasms
  3 giant cockroaches
  8 goblins
  10 hobgoblins
  3 jackals (D:2)
  6 quokkas
  6 ball pythons
  11 bats
  3 frilled lizards
  7 kobolds
  6 rats
171 creatures vanquished.

Notes
Turn   | Place    | Note
-------+----------+-------------------------------------------
     0 | D:1      | qw the Gargoyle Fighter began the quest for the Orb.
     0 | D:1      | Reached XP level 1. HP: 14/14 MP: 1/1
     0 | D:1      | 0 ||| qw: Version: 0.3-a-9-g12657ce
     0 | D:1      | 0 ||| qw: Game counter: 1359
     0 | D:1      | 0 ||| qw: Always use a shield: true
     0 | D:1      | 0 ||| qw: God list: Okawaru
     0 | D:1      | 0 ||| qw: Allow faded altars: false
     0 | D:1      | 0 ||| qw: Do Orc after D:15 true
     0 | D:1      | 0 ||| qw: Do second Lair branch before Depths: true
     0 | D:1      | 0 ||| qw: Lair rune preference: random
     0 | D:1      | 0 ||| qw: Plans: Normal, Zot:1-4, Slime:5, God:TSO, Crypt,
                  | Tomb, Abyss, Pan, Hells, Win
     0 | D:1      | 0 ||| PLANNING D:1-11
    27 | D:1      | Reached skill level 2 in Axes
    80 | D:1      | Reached XP level 2. HP: 19/19 MP: 2/2
   145 | D:1      | 145 ||| DROPPING +0 club.
   152 | D:1      | 152 ||| Stepping ~*~*~tactically~*~*~ (stealth).
   154 | D:1      | 154 ||| Stepping ~*~*~tactically~*~*~ (stealth).
   257 | D:1      | 257 ||| READING scroll labelled JACSIL WUPANK.
   265 | D:1      | Reached skill level 3 in Axes
   267 | D:1      | Reached XP level 3. HP: 16/23 MP: 3/3
   705 | D:1      | Found a faded altar of an unknown god.
   706 | D:1      | 706 ||| UPGRADING to +0 pair of boots.
   711 | D:1      | 711 ||| READING scroll labelled UPREANGIHIPH.
   712 | D:1      | 712 ||| READING scroll labelled OJYUSTRUBRA.
   713 | D:1      | 713 ||| READING scroll labelled ZODAROUSHRI.
   877 | D:2      | 877 ||| DROPPING +0 whip.
   920 | D:2      | 920 ||| Stepping ~*~*~tactically~*~*~ (stealth).
   930 | D:2      | Reached XP level 4. HP: 28/28 MP: 4/4
   943 | D:2      | Reached skill level 4 in Axes
   992 | D:2      | Found a white marble altar of Elyvilon.
  1018 | D:2      | 1018 ||| Stepping ~*~*~tactically~*~*~ (stealth).
  1025 | D:2      | 1025 ||| Stepping ~*~*~tactically~*~*~ (hiding).
  1026 | D:2      | 1026 ||| Stepping ~*~*~tactically~*~*~ (hiding).
  1027 | D:2      | 1027 ||| Stepping ~*~*~tactically~*~*~ (hiding).
  1028 | D:2      | 1028 ||| Stepping ~*~*~tactically~*~*~ (hiding).
  1215 | D:2      | 1215 ||| UPGRADING to +0 chain mail.
  1225 | D:2      | 1225 ||| DROPPING +0 scale mail.
  1226 | D:2      | 1226 ||| DRINKING 2 blue potions.
  1227 | D:2      | 1227 ||| DRINKING 2 bubbling grey potions.
  1379 | D:3      | Noticed a toenail golem
  1386 | D:3      | Found an ancient bone altar of Kikubaaqudgha.
  1387 | D:3      | Found an ornate altar of the Wu Jian Council.
  1422 | D:3      | Found a transporter.
  1422 | D:3      | Found a transporter.
  1444 | D:3      | Found a one-way gate to the infinite horrors of the Abyss.
  1553 | D:3      | Reached XP level 5. HP: 32/32 MP: 5/5
  1625 | D:3      | 1625 ||| DROPPING +0 mace.
  1898 | D:3      | Found an iron altar of Okawaru.
  1899 | D:3      | 1899 ||| PLANNING OKAWARU WORSHIP
  1899 | D:3      | 1899 ||| UPGRADING to +6 ring of strength.
  1900 | D:3      | 1900 ||| READING scroll labelled PARHOX OSHRI.
  1901 | D:3      | 1901 ||| DRINKING 2 ruby potions.
  1939 | D:3      | Became a worshipper of Warmaster Okawaru
  1940 | D:3      | 1940 ||| PLANNING D:1-11
  2100 | D:3      | 2100 ||| Stepping ~*~*~tactically~*~*~ (stealth).
  2101 | D:3      | 2101 ||| Stepping ~*~*~tactically~*~*~ (stealth).
  2238 | D:4      | 2238 ||| Stepping ~*~*~tactically~*~*~ (hiding).
  2361 | D:4      | 2361 ||| Stepping ~*~*~tactically~*~*~ (hiding).
  2369 | D:4      | Reached skill level 5 in Axes
  2444 | D:4      | 2444 ||| Stepping ~*~*~tactically~*~*~ (hiding).
  2619 | D:4      | Reached XP level 6. HP: 16/38 MP: 6/6
  2708 | D:4      | 2708 ||| Stepping ~*~*~tactically~*~*~ (stealth).
  2727 | D:4      | 2727 ||| Stepping ~*~*~tactically~*~*~ (stealth).
  2745 | D:4      | 2745 ||| Stepping ~*~*~tactically~*~*~ (stealth).
  2757 | D:4      | HP: 3/38 [ogre/+0 giant spiked club (22)]
  2758 | D:4      | 2758 ||| READING scroll of teleportation.
  2759 | D:4      | 2759 ||| DRINKING potion of heal wounds.
  2833 | D:4      | 2833 ||| DROPPING +0 flail.
  2854 | D:4      | Reached * piety under Okawaru
  2882 | D:4      | 2882 ||| INVOKING Heroism.
  2890 | D:4      | Reached skill level 6 in Axes
  2890 | D:4      | Reached skill level 1 in Invocations
  2890 | D:4      | Reached XP level 7. HP: 23/43 MP: 4/8
  2974 | D:4      | Found a shimmering blue altar of Sif Muna.
  2990 | D:4      | Found a stormy altar of Qazlal.
  3141 | D:4      | Reached skill level 1 in Dodging
  3211 | D:4      | 3211 ||| UPGRADING to +0 pair of gloves.
  3216 | D:4      | 3216 ||| DRINKING 2 inky potions.
  3227 | D:5      | Entered Level 5 of the Dungeon
  3228 | D:5      | 3228 ||| Stepping ~*~*~tactically~*~*~ (hiding).
  3277 | D:5      | 3277 ||| Stepping ~*~*~tactically~*~*~ (hiding).
  3280 | D:5      | 3280 ||| Stepping ~*~*~tactically~*~*~ (hiding).
  3312 | D:5      | 3312 ||| FLEEEEING.
  3313 | D:5      | 3313 ||| FLEEEEING.
  3314 | D:5      | 3314 ||| FLEEEEING.
  3315 | D:5      | 3315 ||| FLEEEEING.
  3316 | D:5      | 3316 ||| FLEEEEING.
  3317 | D:5      | 3317 ||| FLEEEEING.
  3318 | D:5      | 3318 ||| FLEEEEING.
  3319 | D:5      | 3319 ||| FLEEEEING.
  3320 | D:5      | 3320 ||| FLEEEEING.
  3321 | D:5      | 3321 ||| FLEEEEING.
  3322 | D:5      | 3322 ||| FLEEEEING.
  3323 | D:5      | 3323 ||| FLEEEEING.
  3324 | D:5      | 3324 ||| FLEEEEING.
  3325 | D:5      | 3325 ||| FLEEEEING.
  3330 | D:5      | 3330 ||| FLEEEEING.
  3331 | D:5      | 3331 ||| FLEEEEING.
  3332 | D:5      | 3332 ||| Stepping ~*~*~tactically~*~*~ (hiding).
  3342 | D:5      | Reached skill level 3 in Invocations
  3364 | D:5      | 3364 ||| FLEEEEING.
  3365 | D:5      | 3365 ||| FLEEEEING.
  3366 | D:5      | 3366 ||| STAIRDANCE
  3393 | D:4      | 3393 ||| UPGRADING to +2 pair of gloves.
  3403 | D:4      | 3403 ||| DROPPING +0 pair of gloves.
  3408 | D:5      | Reached ** piety under Okawaru
  3412 | D:5      | Noticed Sigmund
  3413 | D:5      | 3413 ||| FLEEEEING.
  3414 | D:5      | 3414 ||| FLEEEEING.
  3415 | D:5      | 3415 ||| FLEEEEING.
  3416 | D:5      | 3416 ||| FLEEEEING.
  3417 | D:5      | 3417 ||| STAIRDANCE
  3434 | D:5      | 3434 ||| Stepping ~*~*~tactically~*~*~ (hiding).
  3437 | D:5      | 3437 ||| INVOKING Heroism.
  3442 | D:5      | Killed Sigmund
  3443 | D:5      | Reached XP level 8. HP: 45/48 MP: 7/11
  3472 | D:5      | 3472 ||| Stepping ~*~*~tactically~*~*~ (stealth).
  3501 | D:5      | 3501 ||| Stepping ~*~*~tactically~*~*~ (stealth).
  3503 | D:5      | 3503 ||| Stepping ~*~*~tactically~*~*~ (stealth).
  3506 | D:5      | 3506 ||| Stepping ~*~*~tactically~*~*~ (stealth).
  3507 | D:5      | 3507 ||| Stepping ~*~*~tactically~*~*~ (stealth).
  3520 | D:5      | Reached skill level 7 in Axes
  3549 | D:5      | 3549 ||| Stepping ~*~*~tactically~*~*~ (stealth).
  3550 | D:5      | 3550 ||| Stepping ~*~*~tactically~*~*~ (stealth).
  3623 | D:5      | 3623 ||| Stepping ~*~*~tactically~*~*~ (stealth).
  3626 | D:5      | 3626 ||| Stepping ~*~*~tactically~*~*~ (stealth).
  3630 | D:5      | 3630 ||| Stepping ~*~*~tactically~*~*~ (stealth).
  3769 | D:5      | Found a radiant altar of Vehumet.
  3770 | D:5      | 3770 ||| INVOKING Heroism.
  3954 | D:5      | Reached skill level 8 in Axes
  3963 | D:5      | Noticed Duvessa
  3964 | D:5      | 3964 ||| INVOKING Heroism.
  3964 | D:5      | Noticed Dowan
  3965 | D:5      | 3965 ||| Stepping ~*~*~tactically~*~*~ (stealth).
  3977 | D:5      | Killed Duvessa
  3979 | D:5      | Killed Dowan
  4080 | D:5      | 4080 ||| READING scroll labelled TUNEAT LOWYD.
  4081 | D:5      | 4081 ||| READING scroll labelled QEXZEUMMUBB.
  4082 | D:5      | 4082 ||| DRINKING 2 green potions.
  4142 | D:6      | Identified the +0 leather armour "Nealo" {Harm rPois Int-5
                  | Dex+3}
  4155 | D:6      | Noticed Grinder
  4156 | D:6      | 4156 ||| Stepping ~*~*~tactically~*~*~ (stealth).
  4157 | D:6      | 4157 ||| Stepping ~*~*~tactically~*~*~ (stealth).
  4158 | D:6      | 4158 ||| Stepping ~*~*~tactically~*~*~ (stealth).
  4162 | D:6      | 4162 ||| Stepping ~*~*~tactically~*~*~ (hiding).
  4163 | D:6      | 4163 ||| Stepping ~*~*~tactically~*~*~ (hiding).
  4164 | D:6      | 4164 ||| Stepping ~*~*~tactically~*~*~ (hiding).
  4165 | D:6      | 4165 ||| INVOKING Heroism.
  4165 | D:6      | Paralysed by Grinder for 3 turns
  4176 | D:6      | Killed Grinder
  4176 | D:6      | Reached *** piety under Okawaru
  4177 | D:6      | Reached XP level 9. HP: 50/55 MP: 10/12
  4227 | D:6      | Reached skill level 6 in Fighting
  4499 | D:6      | 4499 ||| INVOKING Heroism.
  4532 | D:6      | Found a snail-covered altar of Cheibriados.
  4609 | D:6      | 4609 ||| Stepping ~*~*~tactically~*~*~ (cloud).
  4610 | D:6      | 4610 ||| Stepping ~*~*~tactically~*~*~ (cloud).
  4612 | D:6      | 4612 ||| INVOKING Heroism.
  4617 | D:6      | Reached skill level 9 in Axes
  4653 | D:6      | 4653 ||| UPGRADING to +2 helmet.
  4658 | D:6      | 4658 ||| UPGRADING to ring of protection from fire.
  4659 | D:6      | 4659 ||| READING scroll labelled PERAHUBUGI.
  4660 | D:6      | 4660 ||| READING 2 scrolls of identify.
  4660 | D:6      | 4660 ||| IDENTIFYING glowing sapphire potion
  4661 | D:6      | 4661 ||| DROPPING potion of berserk rage.
  4734 | D:7      | 4734 ||| Stepping ~*~*~tactically~*~*~ (stealth).
  4782 | D:7      | 4782 ||| FLEEEEING.
  4785 | D:7      | 4785 ||| FLEEEEING.
  4788 | D:7      | 4788 ||| FLEEEEING.
  4789 | D:7      | 4789 ||| FLEEEEING.
  4793 | D:7      | 4793 ||| FLEEEEING.
  4794 | D:7      | 4794 ||| FLEEEEING.
  4795 | D:7      | 4795 ||| FLEEEEING.
  4796 | D:7      | 4796 ||| FLEEEEING.
  4797 | D:7      | 4797 ||| FLEEEEING.
  4856 | D:7      | 4856 ||| INVOKING Heroism.
  5050 | D:7      | Noticed Prince Ribbit
  5052 | D:7      | Found a shadowy altar of Dithmenos.
  5055 | D:7      | 5055 ||| INVOKING Heroism.
  5062 | D:7      | Killed Prince Ribbit
  5376 | D:7      | 5376 ||| INVOKING Heroism.
  5429 | D:7      | Reached XP level 10. HP: 63/63 MP: 13/13
  5429 | D:7      | 5429 ||| INVOKING Heroism.
  5651 | D:7      | Found a staircase to the Ecumenical Temple.
  5702 | D:7      | 5702 ||| UPGRADING to +0 cloak.
  5707 | D:7      | 5707 ||| UPGRADING to amulet of faith.
  5712 | D:7      | 5712 ||| READING scroll labelled PUKUIJUOLO.
  5713 | D:7      | 5713 ||| READING 2 scrolls of identify.
  5713 | D:7      | 5713 ||| IDENTIFYING silvery potion
  5788 | D:8      | 5788 ||| Stepping ~*~*~tactically~*~*~ (stealth).
  5789 | D:8      | 5789 ||| Stepping ~*~*~tactically~*~*~ (stealth).
  5808 | D:8      | 5808 ||| INVOKING Heroism.
  5910 | D:8      | 5910 ||| INVOKING Heroism.
  5921 | D:8      | Reached skill level 10 in Axes
  5922 | D:8      | Noticed Erica
  5924 | D:8      | 5924 ||| Stepping ~*~*~tactically~*~*~ (hiding).
  5945 | D:8      | HP: 13/63 [something/lance of force (15)]
  5951 | D:8      | HP: 11/63 [something (5)]
  5952 | D:8      | HP: 3/63 [something (7)]
  5953 | D:8      | HP: 1/63 [something (2)]
  5954 | D:8      | Killed from afar by Erica

Levels and vault maps discovered:
D:1:      saegor_arrival_simple_d, layout_basic,
          shapermc_ecumenical_altar_mp_vishouse, minmay_strange_pillars
D:2:      layout_basic, basic_altar, minmay_tetromino_s4
D:3:      layout_basic, chequers_temple_overflow_statue_of_worship,
          gammafunk_ghost_abyssal_escape
D:4:      kennysheep_big_flooded_room, layout_basic, kennysheep_mini_moat,
          mainiacjoe_overflow_paths, cheibrodos_gnoll_hut
D:5:      layout_basic, vehumet_statue, uniq_sigmund, uniq_duvessa
D:6:      layout_cave_pools, lemuel_round_altar, uniq_grinder
D:7:      layout_basic, nicolae_dithmenos_shadow_blocks,
          minmay_temple_entry_fiery, minmay_fractal_squares_5,
          uniq_prince_ribbit1
D:8:      layout_basic, serial_shops, nicolae_lakefront_shop,
          dreamdust_princess_bridge, uniq_erica, uniq_maurice, uniq_amaemon

Skill      XL: |  1  2  3  4  5  6  7  8  9 10 |
---------------+-------------------------------+-----
Axes           | 2 3 4 5 6 8 9 10 | 10.0
Fighting       | 4 5 7 |  7.3
Invocations    | 1 4 |  4.4
Dodging        | 1 |  1.1
Armour         | 4 5 |  5.7
Throwing       | 2 |  2.6
Shields        | 4 |  4.4

Action                     |  1- 3 |  4- 6 |  7- 9 | 10-12 || total
---------------------------+-------+-------+-------+-------++-------
  Melee: War axe           |   131 |   163 |   277 |    73 ||   644
  Throw: Boomerang         |       |       |    24 |     8 ||    32
 Invoke: Heroism           |       |     1 |     9 |     3 ||    13
    Use: Scroll            |     4 |     2 |     4 |     2 ||    12
         Potion            |       |     4 |     2 |       ||     6
 Armour: Scale mail        |    95 |    24 |       |       ||   119
         Chain mail        |       |    43 |   186 |    33 ||   262
  Dodge: Dodged            |    90 |    67 |   100 |    27 ||   284
  Block: Buckler           |    28 |    28 |    44 |    13 ||   113

Table legend:
 A = Non-vault XP
 B = Vault XP
 C = Vault XP percentage of total XP
 D = Non-vault monster count
 E = Vault monster count
 F = Vault count percentage of total count
                 A         B        C        D         E       F
            +---------+---------+-------+---------+---------+-------
      Total |    3866 |    1811 |  31.9 |     153 |      18 |  10.5
            +---------+---------+-------+---------+---------+-------
        D:1 |      48 |       0 |   0.0 |      27 |       0 |   0.0
        D:2 |      78 |      13 |  14.3 |      25 |       1 |   3.8
        D:3 |      56 |       0 |   0.0 |      19 |       0 |   0.0
        D:4 |     529 |     101 |  16.0 |      21 |       5 |  19.2
        D:5 |     904 |     487 |  35.0 |      25 |       4 |  13.8
        D:6 |     939 |     277 |  22.8 |      13 |       1 |   7.1
        D:7 |     583 |     933 |  61.5 |      14 |       7 |  33.3
        D:8 |     729 |       0 |   0.0 |       9 |       0 |   0.0
            +---------+---------+-------+---------+---------+-------
